 Dungeon Crawl Stone Soup version 0.17-a0-18-gc25b939 (webtiles) character file.

230 Chiseanne the Covert (level 6, -1/41 HPs)
             Began as an Octopode Assassin on Mar 12, 2015.
             Slain by an orc wizard
             ... wielding a +0 dagger
              (4 damage)
             ... on level 4 of the Dungeon.
             The game lasted 00:07:38 (3496 turns).

Chiseanne the Covert (Octopode Assassin)            Turns: 3496, Time: 00:07:39

Health: -1/41      AC:  1    Str: 12      XL:     6   Next: 3%
Magic:  6/6        EV: 15    Int: 13      God:
Gold:   119        SH:  7    Dex: 16 (19) Spells: 0 memorised, 5 levels left

rFire  . . .     SeeInvis .     a - +4 whip (venom)
rCold  . . .     Clarity  .     o - +0 shield
rNeg   + . .     SustAb   .     (helmet restricted)
rPois  .         Gourm    .     (no amulet)
rElec  .         Spirit   .     p - ring of positive energy
rCorr  .         Warding  .     n - ring of protection from magic
rMut   .         Stasis   .     (no ring)
MR     +....                    (no ring)
Stlth  ++++++....               (no ring)
                                (no ring)
                                (no ring)
                                (no ring)

@: agile, lethally poisoned (-1 -> -14), somewhat resistant to hostile
enchantments, very stealthy
A: almost no armour, amphibious, 8 rings, constrict 8, camouflage 1, gelatinous
body 1
a: no special abilities


You were on level 4 of the Dungeon.
You were not hungry.

You visited 1 branch of the dungeon, and saw 4 of its levels.

You collected 119 gold pieces.

Inventory:

Hand weapons
 a - a +4 whip of venom (weapon)
 w - a +0 blowgun
Missiles
 c - a throwing net (quivered)
 e - 8 poisoned needles
 f - 2 curare-tipped needles
 i - 39 arrows
 j - 11 sling bullets
 m - 16 poisoned sling bullets
Armour
 o - a +0 shield (worn)
Jewellery
 n - a ring of protection from magic (right tentacle)
 p - a ring of positive energy (left tentacle)
Magical devices
 u - a wand of polymorph (6)
Scrolls
 d - a scroll of amnesia
 h - a scroll of blinking
 t - a scroll of teleportation
 x - a scroll of magic mapping
Comestibles
 g - 3 bread rations
 q - 2 meat rations
 z - a royal jelly


   Skills:
 * Level 2.9 Fighting
   Level 2.0 Short Blades
 - Level 2.0 Throwing
 * Level 3.0 Dodging
 * Level 8.0 Stealth
 * Level 1.1 Shields


You had 5 spell levels left.
You didn't know any spells.

Dungeon Overview and Level Annotations

Branches:
Dungeon (4/15)
 Temple: D:4-7

Altars:
Cheibriados
Dithmenos
Okawaru

Annotations:
D:3 Sigmund
D:4 Natasha


Innate Abilities, Weirdness & Mutations

You cannot wear most types of armour.
You are amphibious.
You can wear up to eight rings at the same time.
You can use your tentacles to constrict many enemies at once.
Your skin changes colour to match your surroundings (Stealth).
Your rubbery body absorbs attacks (AC +1).


Message History

It was a potion of restore abilities.
You feel refreshed. Something hits you but does no damage.
Drink which item? (? for menu, Esc to quit)
It was a potion of degeneration.
There was something very wrong with that liquid.
You feel clumsy. Something completely misses you.
Drink which item? (? for menu, Esc to quit)
It was a potion of poison.
That liquid tasted very nasty...
You are lethally poisoned!
* * * LOW HITPOINT WARNING * * *
You feel sick. Something hits you.
* * * LOW HITPOINT WARNING * * *
Drink which item? (? for menu, Esc to quit)
It was a potion of agility.
You feel agile all of a sudden.
* * * LOW HITPOINT WARNING * * *
You feel sick. Something hits you.
You die...

..........##.#.#........#.###.#
...........#..#.#..###.#.#.# #.#
.........†..#..#.#..#...#.#.###.#
...............................>#
............#.............#.#####
............##.########...#.#
(..............#..........#.#
............####.####{....#.#
............# #@#..†...#.#.#
....<.......# #{##.#...#.#.#
............# #....#.#.#.#.#
.)..........# ######†o...#.#
............# #{r.###.#
............# #...# #.#
............# ..{.. #.#
...########## ...... ...# ...####


There were no monsters in sight!

Vanquished Creatures
  An orc wizard (D:4)
  A worker ant (D:4)
  Ijyb (D:3)
  4 gnolls (D:3)
  5 adders
  A worm (D:2)
  An adder zombie (D:4)
  A giant gecko (D:1)
  An ooze (D:3)
  5 orcs
  3 giant cockroaches
  8 hobgoblins
  8 kobolds
  2 ball pythons (D:1)
  5 bats
  3 giant newts
  9 goblins
  8 rats
67 creatures vanquished.

Notes
Turn   | Place    | Note
--------------------------------------------------------------
     0 | D:1      | Chiseanne, the Octopode Assassin, began the quest for the Orb.
     0 | D:1      | Reached XP level 1. HP: 14/14 MP: 1/1
   436 | D:1      | Reached XP level 2. HP: 19/19 MP: 2/2
   607 | D:1      | Reached skill level 6 in Stealth
  1099 | D:2      | Reached XP level 3. HP: 25/25 MP: 3/3
  1870 | D:2      | Found a shadowy altar of Dithmenos.
  2146 | D:2      | Reached XP level 4. HP: 30/30 MP: 4/4
  2278 | D:3      | Found an iron altar of Okawaru.
  2297 | D:3      | Reached skill level 7 in Stealth
  2306 | D:3      | Reached skill level 1 in Shields
  2509 | D:3      | Reached XP level 5. HP: 35/35 MP: 5/5
  2615 | D:3      | Found a snail-covered altar of Cheibriados.
  2687 | D:3      | Noticed Sigmund
  2963 | D:3      | Noticed Ijyb
  2973 | D:3      | Killed Ijyb
  3334 | D:4      | Noticed Natasha
  3479 | D:4      | Reached skill level 8 in Stealth
  3488 | D:4      | Reached XP level 6. HP: 25/41 MP: 6/6
  3496 | D:4      | Slain by an orc wizard

Action                   |  1- 3 |  4- 6 || total
-------------------------+-------+-------++-------
Melee: Dagger            |    53 |     3 ||    56
       Whip              |       |    63 ||    63
 Fire: Blowgun           |     3 |       ||     3
  Use: Scroll            |       |     8 ||     8
       Potion            |       |     4 ||     4
 Stab: Sleeping          |     8 |     8 ||    16
  Eat: Chunk             |     4 |     2 ||     6
       Beef jerky        |       |     1 ||     1
